 Dungeon Crawl Stone Soup version 0.30-a0-135-g630cfc4551 (webtiles) character file.

Game seed: 5524212225899913661

142487 Flugkiller the Marksant (level 17, 0/147 HPs)
             Began as a Formicid Hunter on Sept 20, 2022.
             Was a Believer of Uskayaw.
             Engulfed by a ghost crab's spectral mist (16 damage)
             ... on level 2 of the Swamp.
             The game lasted 00:48:03 (25520 turns).

Flugkiller the Marksant (Formicid Hunter)          Turns: 25520, Time: 00:48:04

Health: 0/147      AC: 17    Str: 21    XL:     17   Next: 97%
Magic:  15/23      EV: 29    Int: 10    God:    Uskayaw [**....]
Gold:   1234       SH:  0    Dex: 36    Spells: 16/16 levels left

rFire   . . .      SeeInvis +    A - +9 longbow (flame)
rCold   . . .      Faith    .    (no shield)
rNeg    . . .      Spirit   .    l - +2 leather armour {rPois}
rPois   +          Reflect  .    (helmet unavailable)
rElec   .          Harm     .    B - +0 cloak
rCorr   +          Rampage  .    z - +2 pair of gloves
Will    +....                    m - +2 pair of boots
Stlth   ++........               S - amulet of regeneration
HPRegen 1.14/turn                X - ring of Skepticism {rCorr AC+4 Str+4 Dex+7 Stlth-}
MPRegen 0.18/turn                e - +6 ring of dexterity

@: no status effects
A: permanent stasis, dig shafts and tunnels, antennae 3, four strong arms,
screaming 1
a: Dig, Shaft Self, Renounce Religion, Stomp, Line Pass


You were on level 2 of the Swamp.
You worshipped Uskayaw.
Uskayaw was aware of your devotion.
You visited 5 branches of the dungeon, and saw 25 of its levels.
You visited the Abyss 1 time.
You also visited: Gauntlet.

You collected 2329 gold pieces.
You spent 1095 gold pieces at shops.

Inventory:

Hand Weapons
 A - a +9 longbow of flaming (weapon)
   (You took it off Nessos on level 2 of the Orcish Mines)
Missiles
 g - 3 throwing nets
 L - 2 curare-tipped darts
Armour
 l - a +2 leather armour of poison resistance (worn)
   (You found it on level 1 of the Orcish Mines)
 m - a +2 pair of boots (worn)
   (You found it on level 3 of the Dungeon)
 z - a +2 pair of gloves (worn)
   (You found it on level 5 of the Dungeon)
 B - a +0 cloak (worn)
   (You found it on level 4 of the Dungeon)
 M - the +1 leather armour of Responsibility {rF+ Regen+ rCorr Stlth-}
   (You found it on level 5 of the Lair of Beasts)

   rF:        It protects you from fire.
   Regen:     It increases your rate of health regeneration.
   rCorr:     It protects you from acid and corrosion.
   Stlth:     It makes you less stealthy.
 Q - a +0 kite shield
   (You found it on level 11 of the Dungeon)
Jewellery
 a - a +4 ring of evasion
   (You found it on level 5 of the Dungeon)
 e - a +6 ring of dexterity (right hand)
   (You found it in a Gauntlet)
 h - the ring "Gosyeviw" {rN+ Str+6 SInv}
   (You took it off a minotaur in a Gauntlet)

   [ring of strength]

   Str:       It affects your strength (+6).
   rN:        It protects you from negative energy.
   SInv:      It lets you see invisible.
 o - a ring of poison resistance
   (You found it on level 1 of the Lair of Beasts)
 p - a ring of protection from fire
   (You found it on level 9 of the Dungeon)
 s - a ring of the Octopus King {Fly HP+2 AC+2 EV+2 SH+2}
   (You found it in a Gauntlet)

   [ring of flight]

   AC:        It affects your AC (+2).
   EV:        It affects your evasion (+2).
   HP:        It affects your health (+2).
   Fly:       It grants you flight.
   SH:        It affects your SH (+2).
 v - a +4 ring of evasion
   (You found it on level 3 of the Dungeon)
 G - a +4 ring of protection
   (You found it on level 10 of the Dungeon)
 S - an amulet of regeneration (around neck)
   (You bought it in a shop on level 1 of the Orcish Mines)
 X - the ring of Skepticism (left hand) {rCorr AC+4 Str+4 Dex+7 Stlth-}
   (You found it in a Gauntlet)

   [ring of protection]

   AC:        It affects your AC (+4).
   Str:       It affects your strength (+4).
   Dex:       It affects your dexterity (+7).
   rCorr:     It protects you from acid and corrosion.
   Stlth:     It makes you less stealthy.
Wands
 c - a wand of roots (3)
   (You found it on level 7 of the Dungeon)
 t - a wand of flame (45)
   (You took it off a crimson imp on level 5 of the Dungeon)
 y - a wand of paralysis (5)
   (You took it off Nessos on level 2 of the Orcish Mines)
 H - a wand of digging (6)
   (You took it off an orc on level 8 of the Dungeon)
 K - a wand of polymorph (5)
   (You found it on level 1 of the Lair of Beasts)
 U - a wand of acid (3)
   (You found it on level 13 of the Dungeon)
 W - a wand of mindburst (9)
   (You found it on level 13 of the Dungeon)
Scrolls
 b - 9 scrolls of immolation
 j - 3 scrolls of silence
 k - 4 scrolls of fog
 r - 2 scrolls of identify
 x - 4 scrolls of fear
 J - 2 scrolls of magic mapping
 O - a scroll of vulnerability
Potions
 d - 5 potions of might
 f - 6 potions of brilliance
 i - 2 potions of invisibility
 n - 3 potions of resistance
 q - 6 potions of curing
 u - 4 potions of lignification
 w - 4 potions of heal wounds
 C - a potion of mutation
 D - 5 potions of magic
 E - a potion of ambrosia
 F - 5 potions of flight
 I - a potion of attraction {unknown}
 N - a potion of cancellation
Miscellaneous
 P - a condenser vane
   (You found it on level 5 of the Lair of Beasts)
 R - a phial of floods
   (You found it on level 5 of the Lair of Beasts)
 V - a tin of tremorstones (inert)
   (You found it on level 13 of the Dungeon)


   Skills:
 + Level 17.0 Fighting
 - Level 18.0 Ranged Weapons
 - Level 6.0 Armour
 + Level 12.9 Dodging
 - Level 1.2 Stealth
 + Level 7.2 Shields
 - Level 9.0 Invocations
 - Level 12.0 Evocations


You had 16 spell levels left.
You didn't know any spells.
Your spell library contained the following spells:

 Spells                   Type           Power      Damage    Failure   Level
 Foxfire                  Conj/Fire      0%         2x1d4     41%         1
 Slow                     Hex            0%         N/A       41%         1
 Cigotuvi's Dreadful Rot  Necr/Pois/Air  0%         N/A       54%         2
 Scorch                   Fire           0%         2d5       54%         2
 Static Discharge         Conj/Air       0%         2-2/arc   54%         2
 Sublimation of Blood     Necr           0%         N/A       54%         2
 Call Canine Familiar     Summ           0%         N/A       78%         3
 Confusing Touch          Hex            0%         N/A       78%         3
 Inner Flame              Hex/Fire       0%         N/A       78%         3
 Kindle Blastsparks       Fire/Tloc/Air  0%         2d10      78%         3
 Portal Projectile        Hex/Tloc       0%         N/A       78%         3
 Tukima's Dance           Hex            0%         N/A       78%         3
 Vampiric Draining        Necr           0%         2d6       78%         3
 Cause Fear               Hex            0%         N/A       99%         4
 Dispel Undead            Necr           0%         3d6       99%         4
 Flame Wave               Conj/Fire      0%         2d4       99%         4
 Leda's Liquefaction      Hex/Erth       0%         N/A       99%         4
 Olgreb's Toxic Radiance  Pois           0%         N/A       99%         4
 Passage of Golubria      Tloc           0%         N/A       99%         4
 Petrify                  Tmut/Erth      0%         N/A       99%         4
 Sticky Flame             Conj/Fire      0%         2d3       99%         4
 Arcjolt                  Conj/Air       0%         1d10      100%        5
 Irradiate                Conj/Tmut      0%         3d11      100%        5
 Iskenderun's Battlesphe  Conj           0%         2d6       100%        5
 Lightning Bolt           Conj/Air       0%         1d11      100%        5
 Yara's Violent Unravell  Hex/Tmut       0%         3d3       100%        5
 Death Channel            Necr           0%         N/A       100%        6
 Iron Shot                Conj/Erth      0%         9d1       100%        6
 Summon Cactus Giant      Summ           0%         N/A       100%        6
 Dragon Form              Tmut           0%         N/A       100%        7
 Ozocubu's Refrigeration  Ice            0%         4d7       100%        7
 Spellforged Servitor     Conj/Summ      0%         N/A       100%        7
 Ignition                 Fire           0%         3d3       100%        8
 Maxwell's Capacitive Co  Air            0%         ∞         100%        8
 Dragon's Call            Summ           0%         N/A       100%        9


Dungeon Overview and Level Annotations

Branches:
Dungeon (15/15) Zot: 25880  Temple (1/1) D:7 Zot: 5932    Lair (5/5) D:9 Zot: 22118
  Swamp (2/4) Lair:3 Zot: 11474  Spider (0/4) Lair:3        Slime (0/5) Lair:4
    Orc (2/2) D:11 Zot: 10340     Elf (0/3) Orc:2        Vaults (0/5) D:13
 Depths (0/4) D:15        Gauntlet (visited)

Altars:
Ashenzari
Cheibriados
Dithmenos
Elyvilon
Fedhas
Gozag
Hepliaklqana
Kikubaaqudgha
Makhleb
Nemelex Xobeh
Okawaru
Qazlal
Ru
Sif Muna
Trog
Uskayaw
Vehumet
Wu Jian
Xom
Yredelemnul
Zin
The Shining One
Jiyva

Shops:
D:6 *   D:11 [   Orc:1 =   Orc:2 :=!:

Annotations:
D:7 Maggie
Lair:4 exclusion: oklob plant


Innate Abilities, Weirdness & Mutations

You cannot be hasted, slowed, berserked, paralysed or teleported.
You can dig through walls and to a lower floor.
You have a pair of large antennae on your head. (SInv)
Your four strong arms can wield two-handed weapons with a shield.
You occasionally shout uncontrollably at your foes.


Message History

You destroy the will-o-the-wisp!
The burst of rock shards engulfs the foxfire!!
The burst of rock shards engulfs the six-headed hydra!!
The burst of rock shards engulfs the foxfire!!
The burst of rock shards engulfs the eleionoma!! x2
The burst of rock shards engulfs the spriggan druid!
The forest calms down.
The burst of rock shards engulfs you but does no damage.
The burst of rock shards engulfs the foxfire!
The burst of rock shards engulfs the five-headed hydra!!
The burst of rock shards engulfs the eleionoma!
The burst of rock shards engulfs the foxfire!!
The burst of rock shards engulfs the spriggan druid!!
The burst of rock shards engulfs you but does no damage.
The burst of rock shards engulfs the foxfire!!
The burst of rock shards engulfs you but does no damage.
The burst of rock shards engulfs the six-headed hydra!!
The burst of rock shards engulfs the foxfire!!
The burst of rock shards engulfs the eleionoma!!
The burst of rock shards engulfs the spriggan druid!
With its final breath, the spriggan druid offers up its power to the beasts of the wild!
The five-headed hydra is healed.
The six-headed hydra is healed.
The five-headed hydra seems to grow more fierce.
The tyrant leech seems to grow more fierce.
The six-headed hydra seems to grow more fierce.
You kill the spriggan druid!
You hear a splash. x2; You hear a deafening roar!
The spriggan rider completely misses you.
The tyrant leech closely misses you.
The eleionoma touches a tree and draws upon its vitality.
The eleionoma is healed.
Uskayaw links your audience in an emotional bond!
Unknown command.
Unknown command.
Unknown command.
Aiming: Grand Finale
Press: ? - help, Shift-Dir - straight line, f - six-headed hydra
Aim: a six-headed hydra (wisps of flame, moderately wounded, strong, sharing its pain)
You fail to use your ability.
The spriggan rider hits you from afar with a +0 spear!
The five-headed hydra completely misses you.
The five-headed hydra closely misses you.
The five-headed hydra bites you.
* * * LOW HITPOINT WARNING * * *
The five-headed hydra completely misses you. x2
The six-headed hydra completely misses you.
The six-headed hydra closely misses you. x2
The six-headed hydra bites you!
* * * LOW HITPOINT WARNING * * *
The six-headed hydra bites you!
* * * LOW HITPOINT WARNING * * *
The six-headed hydra misses you. The tyrant leech completely misses you.
The eleionoma misses you.
A ghost crab comes into view.
Unknown command.
Are you sure you want to shaft yourself?
Okay, then.
Unknown command.
Okay, then.
Unknown command.
Aiming: Grand Finale
Press: ? - help, Shift-Dir - straight line, f/p - six-headed hydra
Aim: a six-headed hydra (moderately wounded, strong, sharing its pain)
The six-headed hydra explodes violently!
The eleionoma is hit by a flying piece of the six-headed hydra!
The five-headed hydra is hit by a flying piece of the six-headed hydra!
The tyrant leech is hit by a flying piece of the six-headed hydra!
You blow up the six-headed hydra!
Splash!
You fall into the shallow water.
Moving in this stuff is going to be slow.
Your Shields skill increases to level 7!
Unknown command.
Unknown command.
Okay, then.
The tremorstone explodes into fragments!
The burst of rock shards engulfs the spriggan rider!!
You hear a splash.
You kill the spriggan!
You kill the eleionoma!
You kill the hornet!
The burst of rock shards engulfs the five-headed hydra!!
You kill the five-headed hydra!
The burst of rock shards engulfs the tyrant leech!
The burst of rock shards engulfs you but does no damage.
The burst of rock shards engulfs the tyrant leech!
The burst of rock shards engulfs you but does no damage.
The burst of rock shards engulfs the tyrant leech!
You kill the tyrant leech!
The burst of rock shards engulfs you but does no damage.
The burst of rock shards engulfs you!
* * * LOW HITPOINT WARNING * * *
The tin is emptied!
You hear a shout! x2
The ghost crab breathes spectral mist at you.
The spectral mist engulfs you but does no damage.
You can now pass through a line of other dancers.
Your Fighting skill increases to level 17!
Unknown command.
Unknown command.
You are engulfed in spectral mist.
You die...

.♣.♣~.~~.♣
♣t.♣~~).~~
♣~..~.~♣.♣
♣♣☼.~~.†~~~
~~~♣~.~♣.♣
♣.§♣....~~~
♣.~~~.~<♣♣
♣♣§§~.~.♣♣~♣
~~.~~.~.♣
♣♣.§§.~~♣♣
~~~~.~~)♣♣♣.§☼§~♣♣♣
~..~~>~.♣♣○§§§.♣♣
.~..~~~.~~.§☼§§♣
.~~~~.~.~~.☼@§♣♣
.~...♣~~~...♣♣♣
...~~~~.~.♣♣♣
.~.†.....♣♣
....~....♣
......~~~♣
.....~~§. ♣.......♣
....~.~


There were no monsters in sight!

Vanquished Creatures
  A dread lich (Abyss:1)
  Jorgrun (Orc:2)
  Rupert (Orc:2)
  An orc warlord (Orc:1)
  A cacodemon (Abyss:1)
  A stone giant (D:15)
  Nessos (Orc:2)
  A minotaur (Gauntlet)
  4 eleionomae
  A dire elephant (Lair:5)
  2 bunyips
  An ettin (Orc:1)
  Snorg (Lair:5)
  Josephine (D:11)
  Erolcha (Orc:1)
  4 vault guards (D:13)
  A rakshasa (Abyss:1)
  Erica (Orc:1)
  10 hydras
  3 catoblepae
  3 boulder beetles
  An alligator (Swamp:1)
  3 two-headed ogres
  A naga warrior (Abyss:1)
  7 centaur warriors
  A deep troll shaman (Lair:5)
  4 tengu warriors
  6 spriggans
  3 death yaks (Lair:5)
  A sixfirhy (Abyss:1)
  Nergalle (D:11)
  7 orc high priests (Orc:2)
  3 thrashing horrors (Abyss:1)
  A fire crab (shapeshifter) (D:15)
  19 skeletal warriors
  6 goliath frogs
  2 bog bodies
  A spriggan druid (Swamp:2)
  An orb spider (Abyss:1)
  2 swamp dragons (Swamp:1)
  2 deep elf pyromancers
  5 large abominations (Abyss:1)
  An orc knight (D:15)
  An oklob plant (Lair:5)
  An orc sorcerer (Orc:2)
  16 ugly things
  A salamander (Abyss:1)
  7 cyclopes
  2 will-o-the-wisps (Swamp:2)
  A manticore (D:15)
  13 elephants
  7 black mambas
  Maurice (Orc:1)
  A guardian serpent (Abyss:1)
  A torpor snail (Lair:2)
  2 gargoyles
  An orange demon (Abyss:1)
  A cane toad (shapeshifter) (D:15)
  10 cane toads
  An efreet (D:13)
  4 komodo dragons
  A kobold demonologist (D:12)
  A yaktaur (shapeshifter) (D:13)
  2 rime drakes
  A polar bear (Lair:5)
  A queen bee (Lair:2)
  2 bloated husks
  2 tyrant leeches
  15 meliai
  6 hornets
  12 trolls
  21 blink frogs
  2 raiju (Gauntlet)
  10 dream sheep
  4 slime creatures (D:14)
  Sigmund (D:5)
  2 shadows
  A black mamba zombie (Abyss:1)
  A ynoxinul (Abyss:1)
  8 wraiths
  5 wyverns
  A vampire (D:10)
  85 yaks
  7 basilisks
  A basilisk (shapeshifter) (Abyss:1)
  A steam dragon (D:5)
  8 vampire mosquitoes
  4 swamp worms
  14 wargs
  2 nagas (Abyss:1)
  2 acid dragons
  19 water moccasins
  17 orc warriors
  3 ice beasts
  4 sky beasts
  2 black bears
  5 ogres
  6 wolves (Lair:5)
  8 centaurs
  3 kobold brigands
  11 bullfrogs
  5 gnoll sergeants
  2 necrophages
  3 small abominations (Abyss:1)
  2 scorpions
  3 wights (D:8)
  37 killer bees
  2 electric eels (D:11)
  4 howler monkeys
  6 starcursed masses (Abyss:1)
  A crimson imp (D:5)
  A quasit (Abyss:1)
  5 hounds
  3 gnoll boudas
  39 orc priests
  5 iguanas
  27 orc wizards
  2 lightning spires (Gauntlet)
  Robin (D:2)
  42 gnolls
  9 adders
  2 shadow imps
  A white imp (D:5)
  An ufetubus (Abyss:1)
  2 dart slugs
  96 orcs
  4 ball pythons
  5 bats
  6 endoplasms
  4 giant cockroaches
  12 hobgoblins
  5 jackals
  5 quokkas
  5 frilled lizards
  19 goblins
  27 kobolds
  5 rats
889 creatures vanquished.

Vanquished Creatures (others)
  A swamp worm (Swamp:1)
  A killer bee (D:11)
  An ufetubus (D:5)
  An orc (Orc:1)
  4 foxfires (Swamp:2)
  52 fungi
  75 plants
135 creatures vanquished.

Grand Total: 1024 creatures vanquished

Notes
Turn   | Place    | Note
-------+----------+-------------------------------------------
     0 | D:1      | Flugkiller the Formicid Hunter began the quest for the Orb.
     0 | D:1      | Reached XP level 1. HP: 16/16 MP: 1/1
   219 | D:1      | You fall into a shaft and drop 1 floor!
   232 | D:2      | Reached XP level 2. HP: 23/23 MP: 2/2
   734 | D:1      | Reached XP level 3. HP: 29/29 MP: 3/3
   966 | D:2      | Found a faded altar of an unknown god.
   978 | D:2      | Reached XP level 4. HP: 24/37 MP: 4/4
  1184 | D:2      | Noticed Robin
  1192 | D:2      | Killed Robin
  1713 | D:2      | Reached skill level 5 in Ranged Weapons
  1888 | D:3      | Found a sacrificial altar of Ru.
  1899 | D:3      | Reached XP level 5. HP: 42/42 MP: 5/5
  2222 | D:3      | Found an iron altar of Okawaru.
  2232 | D:3      | Found a shimmering altar of Xom.
  2339 | D:4      | Reached skill level 6 in Ranged Weapons
  2339 | D:4      | Reached XP level 6. HP: 48/48 MP: 6/6
  2576 | D:4      | Found the +6 shillelagh "Devastator" {shatter}
  2775 | D:4      | Reached skill level 7 in Ranged Weapons
  3238 | D:4      | Reached XP level 7. HP: 53/53 MP: 7/7
  3329 | D:5      | Entered Level 5 of the Dungeon
  3663 | D:5      | Reached skill level 8 in Ranged Weapons
  3715 | D:5      | Noticed a steam dragon
  3761 | D:5      | Reached XP level 8. HP: 60/60 MP: 8/8
  3780 | D:5      | Found a burning altar of Makhleb.
  3784 | D:5      | Found a radiant altar of Vehumet.
  3826 | D:5      | Noticed Sigmund
  3827 | D:5      | Killed Sigmund
  3828 | D:5      | Reached skill level 9 in Ranged Weapons
  3848 | D:5      | Noticed a wyvern
  3854 | D:5      | Killed a wyvern
  4075 | D:5      | Found an ancient bone altar of Kikubaaqudgha.
  4159 | D:5      | Reached skill level 10 in Ranged Weapons
  4736 | D:5      | Reached XP level 9. HP: 38/65 MP: 9/9
  4738 | D:5      | HP: 3/65 [kobold brigand/+1 whip of electrocution (17)]
  5070 | D:5      | Reached skill level 11 in Ranged Weapons
  5557 | D:6      | Reached skill level 12 in Ranged Weapons
  5594 | D:6      | Found Feckesir's General Store.
  5602 | D:6      | Bought a potion of mutation for 96 gold pieces
  5602 | D:6      | Bought a scroll of identify for 24 gold pieces
  6014 | D:6      | Identified the +12 spear of Division {vorpal, rF+ rN++}
  6137 | D:7      | Noticed Maggie
  6348 | D:7      | Reached skill level 13 in Ranged Weapons
  6378 | D:7      | Found a glowing golden altar of the Shining One.
  6438 | D:7      | Found a staircase to the Ecumenical Temple.
  6447 | Temple   | Entered the Ecumenical Temple
  6744 | D:7      | Reached XP level 10. HP: 71/71 MP: 10/10
  7027 | D:8      | Found a hide-covered altar of Uskayaw.
  7171 | D:8      | Became a worshipper of Uskayaw the Reveller
  7184 | D:8      | Reached * piety under Uskayaw
  7210 | D:8      | Reached ** piety under Uskayaw
  7211 | D:8      | Reached *** piety under Uskayaw
  7239 | D:8      | Reached **** piety under Uskayaw
  7241 | D:8      | Reached ***** piety under Uskayaw
  7243 | D:8      | Reached skill level 5 in Fighting
  7253 | D:8      | Reached ****** piety under Uskayaw
  7482 | D:8      | Reached skill level 14 in Ranged Weapons
  7502 | D:8      | Found a sparkling altar of Nemelex Xobeh.
  8035 | D:9      | Reached XP level 11. HP: 80/83 MP: 11/11
  8037 | D:9      | Reached skill level 5 in Dodging
  8051 | D:9      | Found a staircase to the Lair.
  8124 | D:9      | Noticed a two-headed ogre
  8411 | D:9      | Killed a two-headed ogre
  8851 | D:10     | Entered Level 10 of the Dungeon
  9000 | D:10     | Noticed a two-headed ogre
  9003 | D:10     | Killed a two-headed ogre
  9566 | D:10     | Identified the +1 scale mail "Zinuapp" {rElec rF+ Dex+5
                  | Stlth-}
  9567 | D:10     | Noticed a two-headed ogre
  9574 | D:10     | Killed a two-headed ogre
  9649 | D:11     | Noticed Nergalle
  9653 | D:11     | Reached skill level 10 in Fighting
  9664 | D:11     | Killed Nergalle
  9665 | D:11     | Reached XP level 12. HP: 61/96 MP: 2/12
  9890 | D:11     | Reached skill level 1 in Invocations
  9890 | D:11     | Reached skill level 1 in Evocations
 10018 | D:11     | Found Ceannid's Antique Armour Shoppe.
 10071 | D:11     | Noticed a boulder beetle
 10080 | D:11     | Noticed a skeletal warrior
 10081 | D:11     | Killed a boulder beetle
 10377 | Lair:1   | Entered Level 1 of the Lair of Beasts
 11310 | Lair:2   | Reached skill level 5 in Invocations
 11446 | Lair:2   | Reached skill level 5 in Evocations
 11468 | Lair:2   | Noticed Sonja
 11471 | Lair:2   | Sonja changed into Sonja the queen bee
 11471 | Lair:2   | Noticed Sonja
 11498 | Lair:2   | Killed Sonja the queen bee
 11774 | Lair:2   | Noticed a four-headed hydra
 11779 | Lair:2   | Killed a four-headed hydra
 12151 | Lair:2   | Reached XP level 13. HP: 103/103 MP: 17/17
 13543 | Lair:3   | Found a hole to the Spider Nest.
 13637 | Lair:3   | Noticed a five-headed hydra
 13917 | Lair:3   | Reached skill level 10 in Dodging
 13969 | Lair:3   | Killed a five-headed hydra
 14389 | Lair:3   | Found a staircase to the Swamp.
 14858 | Lair:4   | Noticed a catoblepas
 14864 | Lair:4   | Killed a catoblepas
 15211 | Lair:4   | Noticed a seven-headed hydra
 15247 | Lair:4   | Killed a seven-headed hydra
 15368 | Lair:4   | Reached skill level 15 in Ranged Weapons
 15465 | Lair:4   | Found a viscous altar of Jiyva.
 15466 | Lair:4   | Found a staircase to the Slime Pits.
 15606 | Lair:4   | Reached XP level 14. HP: 114/114 MP: 20/20
 15791 | Lair:5   | Entered Level 5 of the Lair of Beasts
 15841 | Lair:5   | Reached skill level 1 in Armour
 16479 | Lair:5   | Reached skill level 5 in Armour
 16535 | Lair:5   | Noticed Snorg
 16546 | Lair:5   | Killed Snorg
 17393 | Lair:5   | Reached skill level 16 in Ranged Weapons
 17536 | Lair:5   | Noticed a dire elephant
 17544 | Lair:5   | Killed a dire elephant
 17545 | Lair:5   | Reached XP level 15. HP: 120/120 MP: 21/21
 17568 | Lair:5   | Identified the +1 leather armour of Responsibility {rF+
                  | Regen+ rCorr Stlth-}
 17987 | D:11     | Found a blossoming altar of Fedhas.
 17998 | D:11     | Noticed Josephine
 18013 | D:11     | Killed Josephine
 18159 | D:11     | Found a staircase to the Orcish Mines.
 18845 | D:12     | Found an iron altar of Okawaru.
 19482 | D:13     | Reached skill level 17 in Ranged Weapons
 19562 | D:13     | Identified the +5 ring mail "Hinweg" {Harm Fly Int-4 SInv}
 19608 | D:13     | Found a gate to the Vaults.
 20097 | D:14     | Found a gate leading to a gauntlet.
 20109 | Gauntlet | Entered a Gauntlet
 20109 | Gauntlet | Found a transporter.
 20118 | Gauntlet | Found a transporter.
 20133 | Gauntlet | Found a transporter.
 20138 | Gauntlet | Found a transporter.
 20153 | Gauntlet | Found a transporter.
 20172 | Gauntlet | Found a transporter.
 20184 | Gauntlet | Found a transporter.
 20196 | Gauntlet | Found a transporter.
 20208 | Gauntlet | Found a transporter.
 20223 | Gauntlet | Found a transporter.
 20237 | Gauntlet | Found a transporter.
 20254 | Gauntlet | Found a transporter.
 20256 | Gauntlet | Found a transporter.
 20281 | Gauntlet | Found a transporter.
 20301 | Gauntlet | Found a transporter.
 20379 | Gauntlet | Found a transporter.
 20399 | Gauntlet | Found a transporter.
 20584 | Gauntlet | Reached XP level 16. HP: 132/134 MP: 22/22
 20658 | Gauntlet | Identified the ring of Skepticism {rCorr AC+4 Str+4 Dex+7
                  | Stlth-}
 20692 | Gauntlet | Found the ring of the Octopus King
 20692 | Gauntlet | Identified the ring "Gosyeviw" {rN+ Str+6 SInv}
 20705 | Gauntlet | Identified a ring of the Octopus King {Fly HP+2 AC+2 EV+2
                  | SH+2}
 21227 | D:14     | Reached skill level 18 in Ranged Weapons
 21659 | D:15     | Entered Level 15 of the Dungeon
 21761 | D:15     | Reached skill level 15 in Fighting
 22461 | D:15     | Found a staircase to the Depths.
 22598 | Orc:1    | Entered Level 1 of the Orcish Mines
 22740 | Orc:1    | Noticed Erolcha
 22741 | Abyss:1  | Found a corrupted altar of Lugonu.
 22741 | Abyss:1  | Cast into level 1 of the Abyss (Erolcha)
 22912 | Abyss:1  | Gained mutation: You occasionally shout uncontrollably at
                  | your foes. [a cacodemon]
 22933 | Abyss:1  | Reached skill level 10 in Evocations
 23248 | Abyss:1  | Noticed a dread lich
 23250 | Abyss:1  | Killed a dread lich
 23251 | Abyss:1  | Reached XP level 17. HP: 144/144 MP: 14/23
 23253 | Orc:1    | Escaped the Abyss
 23256 | Orc:1    | Killed Erolcha
 23477 | Orc:1    | Noticed Erica
 23481 | Orc:1    | Killed Erica
 23572 | Orc:2    | Entered Level 2 of the Orcish Mines
 23574 | Orc:2    | Noticed Jorgrun
 23589 | Orc:2    | Killed Jorgrun
 23650 | Orc:1    | Reached skill level 1 in Shields
 23815 | Orc:2    | Found a staircase to the Elven Halls.
 23926 | Orc:2    | Noticed Nessos
 23932 | Orc:2    | Killed Nessos
 23991 | Orc:2    | Found Unaezirr's Book Boutique.
 23991 | Orc:2    | Found Zoukh's Distillery.
 24010 | Orc:2    | Bought a potion of invisibility for 104 gold pieces
 24010 | Orc:2    | Bought a potion of ambrosia for 104 gold pieces
 24113 | Orc:2    | Noticed Rupert
 24121 | Orc:2    | Killed Rupert
 24144 | Orc:2    | Found Donoetocaj's Jewellery Boutique.
 24144 | Orc:2    | Found Zuzoes's Book Shoppe.
 24521 | Orc:1    | Noticed Maurice
 24528 | Orc:1    | Killed Maurice
 24572 | Orc:1    | Found Lastredose's Jewellery Shoppe.
 24581 | Orc:1    | Bought an amulet of regeneration for 450 gold pieces
 24612 | Orc:1    | Found a shimmering altar of Xom.
 24736 | D:11     | Bought a dazzling leather armour for 175 gold pieces
 24736 | D:11     | Identified the +2 leather armour of Guto {Harm *Corrode
                  | rN+++ Str-4} (You bought it in a shop on level 11 of the
                  | Dungeon)
 24736 | D:11     | Bought a fabulously ornate robe for 142 gold pieces
 24736 | D:11     | Identified the +1 robe of Gluttony {rF+ Will+} (You bought
                  | it in a shop on level 11 of the Dungeon)
 24968 | Swamp:1  | Entered Level 1 of the Swamp
 24991 | Swamp:1  | Reached skill level 5 in Shields
 25520 | Swamp:2  | Engulfed by a ghost crab's spectral mist

Illustrated notes

Levels and vault maps discovered:
D:1:      scummos_arrival_forest, layout_basic, st_stairs_8
D:2:      layout_rooms, hellmonk_ecumenical_altar_lost_god,
          serial_co_window_serial, co_window_of_opportunity_a,
          co_window_corner_a, co_window_corner_a, co_window_paths_a,
          co_window_of_opportunity_a, co_window_corner_b, co_window_broadway_c,
          co_window_corner_cb, co_window_corner_b, co_window_corner_b,
          co_window_unsneaky_path_b, co_window_paths_c, glass_columns_a,
          glass_columns_a, uniq_robin
D:3:      layout_rooms, nicolae_ru_great_annihilating_truth,
          nicolae_overflow_squiral
D:4:      layout_basic
D:5:      minmay_recursive_quarters, layout_gridville,
          grunt_temple_overflow_lords_of_destruction,
          nicolae_overflow_crystal_walls, uniq_sigmund
D:6:      layout_gridville, serial_shops, nicolae_shop_advertising_works
          [nicolae_subvault_shop_adworks], grunt_ministairs_5
D:7:      layout_loops_ring, lemuel_coloured_pillars_altar,
          minmay_temple_entry_grid, uniq_maggie
D:8:      layout_basic, mainiacjoe_overflow_small_starburst,
          mainiacjoe_overflow_24_doors
D:9:      layout_stronghold, minmay_lair_entry_grove
D:10:     layout_layer_cave
D:11:     layout_basic, orc_0_dummy, serial_shops, nicolae_shop_trees,
          fedhas_altar_2, uniq_nergalle, uniq_josephine
D:12:     layout_gridville, okawaru_altar_gauntlet_db
D:13:     layout_rooms, lightli_vaults_fourway_checkpoint,
          hangedman_abyss_or_decor_stagger
D:14:     layout_loops_ring, serial_bayou_pond_c, gauntlet_entry_generic,
          patterned_corridor
D:15:     grunt_enter_depths_snipers, layout_basic
Temple:   nicolae_temple_god_jail
Lair:1:   layout_gridlike
Lair:2:   wad_woods_minihive, layout_regular_city, cheibrodos_lair_reptile_den,
          uniq_sonja
Lair:3:   layout_gridlike, swamp_mist, spider_nest_entry_a
Lair:4:   layout_long_grid, slime_entry_1, minmay_lair_oklob_bushes
Lair:5:   grunt_lair_end_beastmaster, layout_regular_city, uniq_snorg
Swamp:1:  layout_falls_marsh, evilmike_swamp_ruin_house_6
Swamp:2:  layout_falls_marsh, nicolae_swamp_round_clearing, swamp_pool3
Orc:1:    layout_caves, serial_shops, nicolae_lakefront_shop, basic_altar,
          nooodl_orcs_dogs, uniq_erolcha, uniq_erica, uniq_maurice
Orc:2:    st_orc_town, layout_caves, uniq_rupert, uniq_jorgrun, uniq_nessos

Skill      XL: |  1  2  3  4  5  6  7  8  9 10 11 12 13 14 15 16 17 |
---------------+----------------------------------------------------+-----
Fighting       | 3 6 10 11 12 14 16 17 | 17.0
Ranged Weapons | 5 6 7 8 10 13 14 15 16 17 18 | 18.0
Dodging        | 4 8 9 10 11 12 | 12.9
Invocations    | 6 9 |  9.0
Evocations     | 6 11 12 | 12.0
Armour         | 6 |  6.0
Shields        | 7 |  7.2
Stealth        | |  1.2

Action                   |  1- 3 |  4- 6 |  7- 9 | 10-12 | 13-15 | 16-18 || total
-------------------------+-------+-------+-------+-------+-------+-------++-------
Melee: Arbalest          |       |     1 |       |       |       |       ||     1
 Fire: Shortbow          |    76 |       |       |       |       |       ||    76
       Arbalest          |    11 |   126 |   217 |   578 |   960 |   630 ||  2522
       Longbow           |       |       |       |       |       |   113 ||   113
Invok: Stomp             |       |       |       |     6 |     4 |       ||    10
       Line Pass         |       |       |       |       |     3 |       ||     3
       Grand Finale      |       |       |       |       |       |     2 ||     2
 Abil: Dig               |     1 |       |       |       |       |       ||     1
Evoke: Wand              |       |       |       |     4 |    15 |     2 ||    21
       Phial of floods   |       |       |       |       |     2 |     2 ||     4
       Condenser vane    |       |       |       |       |     2 |     1 ||     3
       Tin of tremorston |       |       |       |       |       |     3 ||     3
  Use: Scroll            |       |       |    13 |     5 |    10 |     9 ||    37
       Potion            |       |       |       |     3 |     4 |     4 ||    11
Armor: Robe              |    15 |    17 |    49 |    14 |       |       ||    95
       Troll leather arm |       |       |       |     7 |    33 |       ||    40
       Scale mail        |       |       |       |    61 |    55 |    30 ||   146
       Skin              |       |       |       |       |   113 |     6 ||   119
       Leather armour    |       |       |       |       |    35 |    21 ||    56
Dodge: Dodged            |    29 |    54 |   143 |   488 |   719 |   317 ||  1750

Table legend: (Time is in decaauts)
 A = Elapsed time spent in this place.
 B = Non-inter-level travel time spent in this place.
 C = Inter-level travel time spent in this place.
 D = Time resting spent in this place.
 E = Time spent auto-exploring this place.
 F = Levels seen in this place.
 G = Mean time per level.
                   A        B        C        D        E       F      G
               +--------+--------+--------+--------+--------+-----+--------+
         Total |  26167 |  24708 |   1459 |   5716 |  12716 |  27 |  969.1 |
       Dungeon |  14916 |  14023 |    893 |   2701 |   8253 |  15 |  994.4 |
        Temple |     67 |     55 |     12 |      0 |     46 |   1 |   67.0 |
          Lair |   7882 |   7593 |    289 |   2684 |   2977 |   5 | 1576.4 |
         Swamp |    525 |    505 |     20 |     16 |    330 |   2 |  262.5 |
  Orcish Mines |   1658 |   1413 |    245 |     67 |    828 |   2 |  829.0 |
         Abyss |    516 |    516 |      0 |    206 |      0 |   1 |  516.0 |
      Gauntlet |    600 |    600 |      0 |     41 |    281 |   1 |  600.0 |
               +--------+--------+--------+--------+--------+-----+--------+

Top non-repeatable levels by time:
  Lair:2: 2729 daAuts
  Lair:5: 1819 daAuts
     D:5: 1676 daAuts
  Lair:4: 1385 daAuts
  Lair:3: 1347 daAuts
     D:4: 1331 daAuts
    D:11: 1294 daAuts
     D:9: 1085 daAuts
    D:14: 1034 daAuts
    D:10: 999 daAuts
     D:6: 990 daAuts
     D:1: 965 daAuts
     D:2: 944 daAuts
    D:12: 929 daAuts
     D:8: 911 daAuts
